 Dungeon Crawl Stone Soup version 0.30.0-29-ga12c61a403 (webtiles) character file.

Game seed: 11716240071297103676

407 ChiefBigBeans the Poker (level 6, -1/50 HPs)
             Began as a Demonspawn Gladiator on June 21, 2023.
             Slain by Crazy Yiuf
             ... wielding a +4 quarterstaff of chaos
              (3 damage)
             ... on level 4 of the Dungeon.
             The game lasted 00:08:11 (2696 turns).

ChiefBigBeans the Poker (Demonspawn Gladiator)      Turns: 2696, Time: 00:08:12

Health: -1/50      AC: 13    Str: 22    XL:     6   Next: 57%
Magic:  6/6        EV: 13    Int:  9    God:
Gold:   239        SH:  0    Dex: 15    Spells: 5/5 levels left

rFire   . . .        m - +1 halberd (heavy)
rCold   + . .        (shield currently unavailable)
rNeg    . . .        e - +2 leather armour {rC+}
rPois   .            c - +0 helmet
rElec   .            h - +2 cloak {Will+}
rCorr   .            n - +1 pair of gloves
SInv    .            (no boots)
Will    +....        (no amulet)
Stlth   +            k - +6 ring of strength
HPRegen 0.28/turn    (no ring)
MPRegen 0.10/turn

%: no passive effects
@: lethally poisoned (-1 -> -16)
A: rugged brown scales 2, powered by pain 1
a: no special abilities


You were on level 4 of the Dungeon.
You visited 1 branch of the dungeon, and saw 4 of its levels.

You collected 239 gold pieces.

Inventory:

Hand Weapons
 m - a +1 heavy halberd (weapon)
Armour
 c - a +0 helmet (worn)
 e - a +2 leather armour of cold resistance (worn)
 h - a +2 cloak of willpower (worn)
 n - a +1 pair of gloves (worn)
Jewellery
 k - a +6 ring of strength (left hand)
Wands
 d - a wand of polymorph (7)
 j - a wand of flame (27)
 p - a wand of charming (14)
Scrolls
 a - a scroll of fear
 f - a scroll of teleportation
 g - a scroll of identify
 q - 2 scrolls of amnesia
Potions
 b - a potion of invisibility
 o - a potion of curing


   Skills:
 + Level 3.9 Fighting
 + Level 4.1 Polearms
 - Level 2.2 Throwing
 + Level 2.3 Armour
 + Level 4.0 Dodging


You had 5 spell levels left.
You didn't know any spells.
Your spell library contained the following spells:

 Spells                   Type           Power      Damage    Failure   Level
 Beastly Appendage        Tmut           0%         N/A       43%         1
 Freeze                   Ice            0%         1d3       43%         1
 Wereblood                Tmut           0%         N/A       56%         2
 Frozen Ramparts          Ice            0%         1d1       80%         3
 Hailstorm                Conj/Ice       0%         3d3       80%         3
 Spider Form              Tmut/Pois      0%         N/A       80%         3


Dungeon Overview and Level Annotations

Branches:
Dungeon (4/15)
 Temple: D:4-7

Altars:
Vehumet

Annotations:
D:4 Crazy Yiuf


Innate Abilities, Weirdness & Mutations

You are mostly covered in rugged brown scales. (AC +2, +5% HP)
You sometimes gain a little power by taking damage.


Message History

You see here a +0 hammer.
Found a hammer.
You see here a +0 hammer.
You open the door.
Crazy Yiuf says, "Snower forty-two tired!"
There is an open translucent door here.
Crazy Yiuf misses you.
You see here a +0 hammer.
You hit Crazy Yiuf.
Crazy Yiuf is lightly wounded.
Crazy Yiuf hits you but does no damage.
Crazy Yiuf hits you with a +4 quarterstaff of chaos!
You resist with almost no effort.
You puncture Crazy Yiuf!
Crazy Yiuf is severely wounded.
Crazy Yiuf hits you but does no damage.
You barely miss Crazy Yiuf.
Crazy Yiuf is severely wounded.
Crazy Yiuf hits you with a +4 quarterstaff of chaos!
You are poisoned.
Crazy Yiuf closely misses you.
You barely miss Crazy Yiuf.
Crazy Yiuf is severely wounded.
You feel extremely sick. Crazy Yiuf closely misses you.
Crazy Yiuf barely misses you.
You barely miss Crazy Yiuf.
Crazy Yiuf is severely wounded.
You feel very sick. Crazy Yiuf hits you but does no damage.
You are more poisoned.
Crazy Yiuf hits you but does no damage.
You are lethally poisoned!
You barely miss Crazy Yiuf.
Crazy Yiuf is severely wounded.
* * * LOW HITPOINT WARNING * * *
You feel extremely sick.
Crazy Yiuf hits you with a +4 quarterstaff of chaos!
* * * LOW HITPOINT WARNING * * *
Crazy Yiuf burns you.
You die...

........# #......
........# #......
........#
####......
......###
.........) ###...#
.......###
#...#######
........##.
#.......#)########
#.......#..
#.......)#).##)..#
#.......#.#
#.......####)'@g.#
.........#
#......## ###.))#
........##
#...#### #####
......>.). #####
...###


You could see Crazy Yiuf.

Vanquished Creatures
  Sigmund (D:4)
  A hound (D:4)
  2 orc wizards
  3 gnolls (D:2)
  4 adders
  3 worms
  2 dart slugs (D:1)
  7 orcs
  7 ball pythons
  8 bats
  8 endoplasms
  2 giant cockroaches
  10 goblins
  7 hobgoblins
  2 jackals (D:2)
  4 kobolds
  5 quokkas
  4 frilled lizards
  5 rats (D:2)
85 creatures vanquished.

Notes
Turn   | Place    | Note
-------+----------+-------------------------------------------
     0 | D:1      | ChiefBigBeans the Demonspawn Gladiator began the quest for
                  | the Orb.
     0 | D:1      | Reached XP level 1. HP: 16/16 MP: 1/1
   197 | D:1      | Gained mutation: You are partially covered in rugged brown
                  | scales. (AC +1, +3% HP) [demonic ancestry]
   197 | D:1      | Reached XP level 2. HP: 14/22 MP: 2/2
   518 | D:1      | Reached XP level 3. HP: 28/28 MP: 3/3
  1043 | D:2      | Gained mutation: You sometimes gain a little power by
                  | taking damage. [demonic ancestry]
  1043 | D:2      | Reached XP level 4. HP: 31/35 MP: 4/4
  1094 | D:2      | Reached skill level 1 in Armour
  1778 | D:3      | Gained mutation: You are mostly covered in rugged brown
                  | scales. (AC +2, +5% HP) [demonic ancestry]
  1778 | D:3      | Reached XP level 5. HP: 29/43 MP: 5/5
  2270 | D:3      | Found a radiant altar of Vehumet.
  2645 | D:4      | Noticed Sigmund
  2650 | D:4      | Killed Sigmund
  2651 | D:4      | Reached XP level 6. HP: 50/50 MP: 6/6
  2684 | D:4      | Found a runed translucent door.
  2685 | D:4      | Noticed Crazy Yiuf
  2696 | D:4      | HP: 2/50 [Crazy Yiuf/+4 quarterstaff of chaos (7)]
  2696 | D:4      | Slain by Crazy Yiuf

Illustrated notes

Levels and vault maps discovered:
D:1:      dpeg_arrival_arbitrary_c, layout_loops_ring, serial_bayou_pond_c,
          minmay_tetromino_t4
D:2:      layout_loops_ring
D:3:      layout_loops_ring, vehumet_altar_wand_db
D:4:      layout_basic, uniq_crazy_yiuf_cottage, uniq_sigmund

Skill      XL: |  1  2  3  4  5 |
---------------+----------------+-----
Throwing       | 2 |  2.2
Polearms       | 3 4 |  4.1
Dodging        | 3 4 |  4.0
Armour         | 1 2 |  2.3
Fighting       | 3 |  3.9

Action                     |  1- 3 |  4- 6 || total
---------------------------+-------+-------++-------
  Melee: Trident           |   117 |    16 ||   133
         Halberd           |       |   144 ||   144
    Use: Scroll            |     1 |    12 ||    13
         Potion            |       |     6 ||     6
   Stab: Sleeping          |       |     2 ||     2
 Armour: Leather armour    |     3 |    28 ||    31
         Ring mail         |    32 |    36 ||    68
  Dodge: Dodged            |    72 |   112 ||   184
